 Dungeon Crawl Stone Soup version 0.29.0-15-g675c0067aa (webtiles) character file.

Game seed: 17609497271955832356

12 qw the Sneak (level 2, -16/19 HPs)
             Began as a Gargoyle Delver on Sept 11, 2022.
             Demolished by a two-headed ogre
             ... wielding a +0 giant club
              (30 damage)
             ... on level 5 of the Dungeon.
             The game lasted 00:00:02 (337 turns).

qw the Sneak (Gargoyle Delver)                       Turns: 337, Time: 00:00:03

Health: -16/19     AC:  5    Str: 15    XL:     2   Next: 33%
Magic:  2/2        EV: 11    Int: 10    God:
Gold:   20         SH:  0    Dex: 11    Spells: 1/1 levels left

rFire   . . .      SeeInvis .   a - +0 hand axe
rCold   . . .      Faith    .   (no shield)
rNeg    + . .      Spirit   .   b - +0 leather armour
rPois   inf        Reflect  .   (no helmet)
rElec   +          Harm     .   (no cloak)
rCorr   .          Rampage  .   (no gloves)
Will    .....                   (no boots)
Stlth   +++.......              (no amulet)
HPRegen 0.06/turn               (no ring)
MPRegen 0.08/turn               (no ring)

@: no status effects
A: sickness immunity, AC +2, negative energy resistance 1, electricity
resistance, torment resistance 1, petrification resistance
a: no special abilities


You were on level 5 of the Dungeon.
You visited 1 branch of the dungeon, and saw 1 of its levels.

You collected 20 gold pieces.


Innate Abilities, Weirdness & Mutations

You are immune to sickness and miasma.
Your stone body is resilient. (AC +2)
You are immune to poison.
You resist negative energy. (rN+)
You are resistant to electric shocks. (rElec)
You are resistant to unholy torment.
You are immune to petrification.


   Skills:
 - Level 3.2 Fighting
 + Level 2.6 Axes
 - Level 1.5 Dodging
 - Level 5.4 Stealth


You had one spell level left.
You didn't know any spells.
Your spell library was empty.

Inventory:

Hand Weapons
 a - a +0 hand axe (weapon)
Armour
 b - a +0 leather armour (worn)
Jewellery
 j - a +4 ring of evasion
Wands
 g - a wand of digging (3)
Scrolls
 c - a scroll of fog
 d - a scroll of magic mapping
 e - a scroll of fear
 h - a scroll of butterflies {unknown}
Potions
 f - a potion of haste
 i - a potion of curing {unknown}

Dungeon Overview and Level Annotations

Branches:
Dungeon (5/15)
 Temple: D:4-7

Altars:


Message History

The dart slug is moderately wounded.
You hit the dart slug.
The dart slug is almost dead.
The dart slug bites you but does no damage.
You hit the dart slug.
You kill the dart slug!
Your Axes skill increases to level 2!
You start waiting.
Done waiting.
You open the large door.
There is a large open door here.
j - a +4 ring of evasion An adder comes into view.
The adder hisses angrily.
Enter note: You hit the adder.
The adder is heavily wounded.
The adder closely misses you.
You hit the adder.
The adder is heavily wounded.
The adder closely misses you. The adder completely misses you.
A two-headed ogre comes into view.
It is wielding a +0 giant club and a +0 dire flail.
You miss the adder.
The adder is heavily wounded.
The two-headed ogre shouts in stereo!
The adder bites you.
You hit the adder but do no damage.
The adder is heavily wounded.
The adder closely misses you. x2
You hit the adder.
The adder is almost dead.
The adder bites you.
You hit the adder.
You kill the adder!
You have reached level 2!
You hit the two-headed ogre.
The two-headed ogre is lightly wounded.
The two-headed ogre hits you with a +0 giant club!!
Ouch! That really hurt!
You die...

##8.....8## #...
.##.........## .##...
.#8.........8#
......####.+...........'
...........#8.........8#
...........##.........##
............##8.....8##.
#....O.....##.....##..
#....@......##8.8##...
#...##.....####'##....
#...##.....###+.#.....
#..........#..........
#..........#..........
#..........#..........
#..........#..........
#..........#..........
#...########.....#####


You could see a two-headed ogre.

Vanquished Creatures
  An adder (D:5)
  A dart slug (D:5)
2 creatures vanquished.

Notes
Turn   | Place    | Note
-------+----------+-------------------------------------------
     0 | D:5      | qw the Gargoyle Delver began the quest for the Orb.
     0 | D:5      | Reached XP level 1. HP: 14/14 MP: 1/1
     0 | D:5      | 0 ||| qw: Version: 0.1-a-118-gb4e7ce6
     0 | D:5      | 0 ||| qw: Game counter: 10590
     0 | D:5      | 0 ||| qw: Always use a shield: true
     0 | D:5      | 0 ||| qw: God list: Okawaru
     0 | D:5      | 0 ||| qw: Allow faded altars: false
     0 | D:5      | 0 ||| qw: Do Orc after D:15 true
     0 | D:5      | 0 ||| qw: Do second Lair branch before Depths: true
     0 | D:5      | 0 ||| qw: Lair rune preference: random
     0 | D:5      | 0 ||| qw: Plans: Normal
     0 | D:5      | 0 ||| PLANNING D:1-11
    96 | D:5      | 96 ||| Stepping ~*~*~tactically~*~*~ (hiding).
   198 | D:5      | 198 ||| Stepping ~*~*~tactically~*~*~ (hiding).
   330 | D:5      | Noticed a two-headed ogre
   335 | D:5      | Reached XP level 2. HP: 14/19 MP: 2/2
   337 | D:5      | Demolished by a two-headed ogre

Levels and vault maps discovered:
D:5:      layout_gridville, kennysheep_ying_yang, dk_noncrumbling_4,
          kennysheep_generic_room_15, uniq_sigmund

Skill      XL: |  1 |
---------------+----+-----
Axes           | 2 |  2.6
Fighting       | |  3.2
Dodging        | |  1.5
Stealth        | |  5.4

Action                   || total
-------------------------++-------
Melee: Hand axe          ||    10
Armor: Leather armour    ||     1
Dodge: Dodged            ||     5

Table legend:
 A = Non-vault XP
 B = Vault XP
 C = Vault XP percentage of total XP
 D = Non-vault monster count
 E = Vault monster count
 F = Vault count percentage of total count
                 A         B        C        D         E       F
            +---------+---------+-------+---------+---------+-------
      Total |      14 |       4 |  22.2 |       1 |       1 |  50.0
            +---------+---------+-------+---------+---------+-------
        D:5 |      14 |       4 |  22.2 |       1 |       1 |  50.0
            +---------+---------+-------+---------+---------+-------
